Workbook

Sheet Соглашение
A1: Ставки на спорт в плюс без эмоций, и волнения. | M1: Немзоров Илья. | O1: ICQ#: 285761677 | Q1: mail: ilya_nemzorov@mail.ru
A2: Мной создана система основанная на многолетнем анализе спортивных событий, способная без человеческого фактора определить шансы на победу, и колиснство голов каждой команды. Основываясь на полученные результаты, система определяет стоит ли играть это событие, какие виды ставок нужно поставить на данное событие,и рассчитывают сумму ставки в зависимости от шансов выигрыша и суммы счета. Сумма ставки не превышает 2,5% фактического банка, поэтому риск проигрыша банка минимален. Если Вам интересна моя система, можете задвать вопросы лично мне.
J5: Для удобства создан один общий счёт на примере Памм-счета (от англ. Percent Allocation ManagementModule, PAMM — модуль управления процентным распределением) — специфичный механизм функционирования торгового счёта, технически упрощающий процесс передачи средств на торговом счете в доверительное управление для проведения операций на финансовых рынках. Я его оформили в Excel. На второй вкладке Вы можете посмотреть данные счета. Актуальные данные в таблице со статусом рабочий (в правом верхнем углу). После увелечиная счета на 50%, либо заявки на снятие или пополнения счета делается перерасчет. Добовляется новая информация и с каждого счета списывается комиссия. У каждого владельца денежных средств имеется свой номер счета (для простоты это 4 последних цыфры вашего телефоонного номера). Вы в любой момент можете сделать заявку на снятие, либо пополнить вашь счет. В настоящий момент счет активно работает на ставках в матчах НХЛ, по виду ставки "тотал" и одиночных ставках на ничью. Всю историю ставкок вы можете просмотреть на вкладках "НХЛ Ставки", и тд. Все мы работаем за деньги, и за свою работу я беру 30% с прибыли, после каджого увелечения банка на 50%.
A24: Сообщаю Вам что на этом счете имеются и мои денежные средства, и любой проигрыш как для меня, так и для Вас очень чувствителен, и моя цель свести его к минимуму. На долгой дистанции система явлется плюсовой, но как и у каждого вида финансовой торговли бывают так называемые спады, и для минимизыции риска я использую лишь малую чась средств на счете. Мгновенная прибыль в 500-1000 % которую обещают многие раскрутчики счетов, может быть достигнута только при использовании большой части банка, а то неминуемо приведет к банкротсву счета. В нашем же случае мы планируем увеличвать счет на 10-50% ежемесячно, что даст нам доход с вложенных средств 350 и 1000...% в год.(это при реинвестировании всех денежных средств. При ежемесячном снятии средств, годовая прибыль будет меньше) Если Вы положите деньги на счет в банк то через год Вы гарантированно заработаете 10-15% при условие если конечно банк не разорится или у него не отберут лицензию. Но вы должны понимать что ставки на спорт это всегда риск, но эти риски оправдываются высокими процентами. Вкладывая деньги на мой счет автоматически соглашаетесь со всеми рисками потери денег.
A32: 1) Я никому не обещаю, что мои прогнозы и ставки будут сходиться со 100% точностью. Жалобы и недовольства по этому поводу не принимаются.Пользование моим ресурсом - исключительно Ваш выбор, вся статистика соответствует действительности и готова на любые проверки! 2) Клиент обязан осознавать,что в сфере азартных игр всегда существует риск,и этот риск несет только лицо, принимающее окончательное решение о том, вкладывать деньги,или нет. 3) Я гарантирую оказание услуг только в объеме средств или в другом выражении эквивалента, принятых от Клиента. Используя Сервис, Клиент соглашается,что объем ответственности Сервиса ограничивается средствами, переданными сервису для оказания услуги. 5)Распространение информации полученной от меня (прогноз,информация о матчах) запрещено! Любая информация должна использоваться индивидуально. 6) Я имею право прекратить оказание услуг Клиенту за нарушение им любого из пунктов данных Правил. Я гарантирую что, средства на Вашем счете только Ваши, и при любом Вашем желании, остановить ведение счета, вернуть Вам деньги или др. будут сразу мной выполнены. Инвестируйте только свободные деньги. Не инвестируйте средства которые вы не готовы потерять.
A47: Самая хорошая работа – это высокооплачиваемое хобби.

Sheet Счет
A1: Управляющий счетом: | G1: Немзоров Илья. | I1: ICQ#: 285761677 | K1: mail: ilya_nemzorov@mail.ru
A2: Фактическая сумма на счете р. | D2: =30000+'НХЛ Ставки'!D3 -> 45508.304 | F2: Прибыль р. | G2: ='НХЛ Ставки'!F1 -> 15508.304 | I2: Оборот р. : | J2: ='НХЛ Ставки'!H1 -> 135800 | K2: Количестов сыгранных экспресов | M2: ='НХЛ Ставки'!K1 -> 211 | N2: Количество сыгранных одиночек | P2: ='НХЛ Ставки'!N1 -> 133 | Q2: РОЙ Одиноч. Ставок % | S2: ='НХЛ Ставки'!P1 -> 8.6871016 | U2: РОЙ Двойника % | W2: ='НХЛ Ставки'!R1 -> 11.576852 | X2: Общий ROE % | Y2: ='НХЛ Ставки'!U1 -> 11.419959
A4: Ставки на спорт на общем счете. "ПАММ СЧЕТ"
E12: Счет. 12.12.2013г. - 10.01.2014г. Ставки от 1 до 148. | O12: Счет. 10.01.2014г.по текущий день
E14: Счет. 12.12.2013г. - 10.01.2014г. | H14: график | I14: Ставки от 1 до 148. | P14: Закрыт
A15: Отчетный период: 12.12.2013г. - 10.01.2014г. Счет 9740;7919; увелечины на 50%. Доходность после списания комисии: 35.3% Снята комиссия 30% с прибыли. (4543р.) | E15: Дата вложения средств. | F15: Номер счета клиента | G15: Сумма Начальных инвестиций | H15: Сумма начальных инвестиций + реинвестиций | I15: Доля от портфеля % | J15: Фактическая сумма на общем счете | K15: Доходность | L15: Коммисия с прибыли 30% | M15: Доходность после снятия комисии % | N15: Доходность после вычета комисии р. | O15: Выплаченно клиенту | P15: Выполоченно Коммисии с прибыли | Q15: Рабочий счет на следущий отчетный период
H16: =SUM(H17:H19) -> 30000 | I16: =SUM(I17:I19) -> 100 | J16: 45103 | K16: =J16-H16 -> 15103 | Q16: =SUM(Q17:Q19) -> 40572
E17: 12.12.2013г. | F17: 9740 | G17: 15000 | H17: 15000 | I17: =(H17/H16)*100 -> 50 | J17: =J16*(I17/100) -> 22551.5 | K17: =K16*(I17/100) -> 7551.5 | L17: =IF(K17>0,(K17*0.3),0) -> 2265.45 | M17: =(N17/H17)*100 -> 35.240333 | N17: =K17-L17 -> 5286.05 | O17: 0 | P17: 2265.5 | Q17: =J17-O17-P17 -> 20286
E18: 12.12,2013г. | F18: 7919 | G18: 15000 | H18: 15000 | I18: =(H18/H16)*100 -> 50 | J18: =J16*(I18/100) -> 22551.5 | K18: =K16*(I18/100) -> 7551.5 | L18: =IF(K18>0,(K18*0.3),0) -> 2265.45 | M18: =(N18/H18)*100 -> 35.240333 | N18: =K18-L18 -> 5286.05 | O18: 0 | P18: 2265.5 | Q18: =J18-O18-P18 -> 20286
H19: 0 | I19: =(H19/H16)*100 -> 0 | J19: =J16*(I19/100) -> 0 | K19: =K16*(I19/100) -> 0 | L19: =IF(K19>0,(K19*0.3),0) -> 0 | N19: =K19-L19 -> 0 | O19: 0 | P19: 0 | Q19: =J19-O19-P19 -> 0
A21: Счет № 9740 Реинвестировал доход. Счет № 7919 Реинвестировал доход. Открыт новый счет № 7306. (4543,1р.) | E21: Счет. 10.01.2014г.по текущий день | H21: график | I21: Ставки от 149 по текущей. | P21: Рабочий
E22: Дата вложения средств. | F22: Номер счета клиента | G22: Сумма Начальных инвестиций | H22: Сумма начальных инвестиций + реинвестиций | I22: Доля от портфеля % | J22: Фактическая сумма на общем счете | K22: Прибыль и убыток банка по счетам | L22: Коммисия с прибыли 30% | M22: Доходность после снятия комисии % | N22: Доходность после снятия комисии р. | O22: Выплаченно клиенту | P22: Выполоченно Коммисии с прибыли | Q22: Рабочий счет на следущий отчетный период
G23: =SUM(G24:G27) -> 34543.1 | H23: =SUM(H24:H27) -> 45115.1 | I23: =SUM(I24:I27) -> 100 | J23: =D2 -> 45508.304 | K23: =J23-H23 -> 393.20431 | Q23: =SUM(Q24:Q27) -> 45508.304
E24: 12.12.2013г. | F24: 9740 | G24: 15000 | H24: 20286 | I24: =(H24/H23)*100 -> 44.96499 | J24: =J23*(I24/100) -> 20462.804 | K24: =K23*(I24/100) -> 176.80428 | L24: =IF(K24>0,(K24*0.3),0) -> 53.041283 | M24: =(N24/H24)*100 -> 0.61009068 | N24: =K24-L24 -> 123.76299 | O24: 0 | P24: 0 | Q24: =J24-O24-P24 -> 20462.804
E25: 12.12.2013г. | F25: 7919 | G25: 15000 | H25: 20286 | I25: =(H25/H23)*100 -> 44.96499 | J25: =J23*(I25/100) -> 20462.804 | K25: =K23*(I25/100) -> 176.80428 | L25: =IF(K25>0,(K25*0.3),0) -> 53.041283 | M25: =(N25/H25)*100 -> 0.61009068 | N25: =K25-L25 -> 123.76299 | O25: 0 | P25: 0 | Q25: =J25-O25-P25 -> 20462.804
E26: 10.01.2014г. | F26: 7306 Личный | G26: 4543.1 | H26: 4543.1 | I26: =(H26/H23)*100 -> 10.070021 | J26: =J23*(I26/100) -> 4582.6958 | K26: =K23*(I26/100) -> 39.595756 | L26: =IF(K26>0,(K26*0),0) -> 0 | M26: =(N26/H26)*100 -> 0.87155811 | N26: =K26-L26 -> 39.595756 | O26: 0 | P26: 0 | Q26: =J26-O26-P26 -> 4582.6958
H27: 0 | I27: =(H27/H23)*100 -> 0 | J27: =J23*(I27/100) -> 0 | K27: =K23*(I27/100) -> 0 | L27: =IF(K27>0,(K27*0.3),0) -> 0 | N27: =K27-L27 -> 0 | O27: 0 | P27: 0 | Q27: =J27-O27-P27 -> 0

Sheet НХЛ Ставки
A1: Фактическая сумма на счете р. | D1: =Счет!D2 -> 45508.304 | E1: Прибыль р. | F1: =D3 -> 15508.304 | G1: Оборот р. : | H1: =K3+H3 -> 135800 | I1: Количестов сыгранных экспресов шт. | K1: =E3 -> 211 | L1: Количество сыгранных одиночек шт. | N1: =F3 -> 133 | O1: ROE Одиноч. Ставок % | P1: =A3 -> 8.6871016 | Q1: ROE Двойника % | R1: =C3 -> 11.576852 | S1: Общий ROE % | U1: =(F1/H1)*100 -> 11.419959
A2: РОЙ Одиночных ставок | C2: РОЙ Двойника | D2: Прибыль | E2: Количестов сыгранных экспресов | F2: Количество сыгранных одиночек | G2: Ср.коэф. Двойника | H2: Сумма ставок одиноч | J2: Ср. сумма ставки двойника | K2: Сумма ставок двойника | M2: Совпадение одиноч. Кол.( ничьи и все остальное | N2: Совпадение двоник. Кол. | O2: Сумма выигрыша | P2: Сумма выигрыша двойника
A3: =((O3-H3)/H3)*100 -> 8.6871016 | C3: =((P3-K3)/K3)*100 -> 11.576852 | D3: =(O3+P3)-(H3+K3) -> 15508.304 | E3: =SUM(A7:A547) -> 211 | F3: =SUM(B7:B557)+105 -> 133 | G3: =AVERAGE(G7:G340) -> 3.1465954 | H3: =SUM(I7:I629) -> 7373 | J3: =K3/E3 -> 608.65877 | K3: =SUM(L7:L701) -> 128427 | M3: =SUM(M7:M462) -> 270 | N3: =SUM(N7:N530) -> 89 | O3: =SUM(O7:O670) -> 8013.5 | P3: =SUM(P7:P642) -> 143294.8 | Q3: Движение счета
A4: Сыгр. Двойники | B4: Сыгр. Одночки | C4: Дата | D4: Наименование команд | E4: Ставка | F4: Коэф. Одиночный | G4: Коэф экспреса | H4: Сумма ставки одиночного события | I4: Сумма ставки сыгранного одночного | J4: Рекомедованная сумма ставки | K4: Общая сумма ставки | L4: Сумма ставки сыгранного двойника | M4: Совпадение одиноч. % | N4: Совпадение экспреса % | O4: Выигрышодиноч | P4: Выигрыш двойника | Q4: Начальный банк | R4: Фактический банк | S4: № ставки | T4: Доходность %
M5: =AVERAGE(M7:M615,)*100 -> 59.866962 | N5: =(N3/E3)*100 -> 42.180095 | Q5: 30000 | R5: 30000 | T5: 0 | AA5: Суссия + или -
A7: 1 | C7: 41619 | D7: Нью-Джерси Девилз @ Коламбус Блю Джекетс | E7: Меньше 5.5 | F7: 1.5 | G7: 1.798 | J7: =2000/G7 -> 1112.3471 | K7: 1000 | L7: =A7*K7 -> 1000 | M7: 1 | N7: =IF(M7+M8=2,1,0) -> 1 | O7: =F7*H7*M7 -> 0 | P7: =G7*L7*N7 -> 1798 | Q7: 30000 | R7: =R5-L7+P7 -> 30798 | S7: =A7 -> 1 | T7: =((R7-Q7)/Q7)*100 -> 2.66 | AA7: 8 | AB7: 1
C8: 41619 | D8: Лос-Анджелес Кингз @ Монреаль Канадиенс | E8: Меньше 5.5 | F8: 1.46 | M8: 1 | O8: =F8*H8*M8 -> 0 | AA8: 8 | AB8: 1
A9: 1 | C9: 41619 | D9: Сент-Луис Блюз @ Виннипег Джетс | E9: Меньше 5.5 | F9: 1.87 | G9: =F9*F10 -> 3.9644 | J9: =2000/G9 -> 504.48996 | K9: 1000 | L9: =A9*K9 -> 1000 | M9: 1 | N9: =IF(M9+M10=2,1,0) -> 0 | O9: =F9*H9*M9 -> 0 | P9: =G9*L9*N9 -> 0 | Q9: 30000 | R9: =R7-L9+P9 -> 29798 | S9: =A7+A9 -> 2 | T9: =((R9-Q9)/Q9)*100 -> -0.67333333 | Y9: =IF(T9<T7,(T9-T7),0) -> -3.3333333 | AA9: 8 | AB9: 1
C10: 41619 | D10: Финикс Койотс @ Колорадо Эвеланш | E10: Больше 5.5 | F10: 2.12 | I10: =H10*B10 -> 0 | M10: 0 | O10: =F10*H10*M10 -> 0 | AA10: 8 | AB10: 1
A11: 1 | C11: 41619 | D11: Оттава Сенаторз @ Баффало Сейбрз | E11: Меньше 5.5 | F11: 1.7 | G11: =F11*F12 -> 3.1161 | I11: =H11*B11 -> 0 | J11: =2000/G11 -> 641.82793 | K11: 1000 | L11: =A11*K11 -> 1000 | M11: 1 | N11: =IF(M11+M12=2,1,0) -> 0 | O11: =F11*H11*M11 -> 0 | P11: =G11*L11*N11 -> 0 | Q11: 30000 | R11: =R9-L11+P11 -> 28798 | S11: =S9+A11 -> 3 | T11: =((R11-Q11)/Q11)*100 -> -4.0066667 | Y11: =IF(T11<T9,(T11-T9),0) -> -3.3333333 | Z11: -7 | AA11: 8 | AB11: 1
C12: 41619 | D12: Тампа Бэй Лайтнинг @ Вашингтон Кэпиталз | E12: Меньше 5.5 | F12: 1.833 | I12: =H12*B12 -> 0 | M12: 0 | O12: =F12*H12*M12 -> 0 | AA12: 8 | AB12: 1
A13: 1 | C13: 41619 | D13: Нэшвилл Предаторз @ Нью-Йорк Рейнджерс | E13: Меньше 5.5 | F13: 1.55 | G13: =F13*F14 -> 3.286 | I13: =H13*B13 -> 0 | J13: =2000/G13 -> 608.64273 | K13: 1000 | L13: =A13*K13 -> 1000 | M13: 1 | N13: =IF(M13+M14=2,1,0) -> 1 | O13: =F13*H13*M13 -> 0 | P13: =G13*L13*N13 -> 3286 | Q13: 30000 | R13: =R11-L13+P13 -> 31084 | S13: =S11+A13 -> 4 | T13: =((R13-Q13)/Q13)*100 -> 3.6133333 | Y13: =IF(T13<T11,(T13-T11),0) -> 0 | AA13: 8 | AB13: 1
C14: 41619 | D14: Нью-Йорк Айлендерс @ Сан-Хосе Шаркс | E14: Меньше 5.5 | F14: 2.12 | I14: =H14*B14 -> 0 | M14: 1 | O14: =F14*H14*M14 -> 0 | AA14: 8 | AB14: 1
A15: 1 | C15: 41619 | D15: Чикаго Блэкхокс @ Даллас Старз | E15: Больше 5.5 | F15: 1.86 | G15: =F15*F16 -> 3.1992 | I15: =H15*B15 -> 0 | J15: =2000/G15 -> 625.15629 | K15: 1000 | L15: =A15*K15 -> 1000 | M15: 1 | N15: =IF(M15+M16=2,1,0) -> 1 | O15: =F15*H15*M15 -> 0 | P15: =G15*L15*N15 -> 3199.2 | Q15: 30000 | R15: =R13-L15-I15-I16+P15+O15+O16 -> 33283.2 | S15: =S13+A15 -> 5 | T15: =((R15-Q15)/Q15)*100 -> 10.944 | Y15: =IF(T15<T13,(T15-T13),0) -> 0 | AA15: 8 | AB15: 1
C16: 41619 | D16: Бостон Брюинз @ Калгари Флеймз | E16: Меньше 5.5 | F16: 1.72 | I16: =H16*B16 -> 0 | M16: 1 | O16: =F16*H16*M16 -> 0 | AA16: 8 | AB16: 1
A17: 1 | C17: 41620 | D17: Филадельфия Флайерз @ Чикаго Блэкхокс | E17: Больше 5.5 | F17: 2.04 | G17: =F17*F18 -> 3.2946 | I17: =H17*B17 -> 0 | J17: =2000/G17 -> 607.05397 | K17: 1000 | L17: =A17*K17 -> 1000 | M17: 1 | N17: =IF(M17+M18=2,1,0) -> 1 | O17: =F17*H17*M17 -> 0 | P17: =G17*L17*N17 -> 3294.6 | Q17: 30000 | R17: =R15-L17-I17-I18+P17+O17+O18 -> 35577.8 | S17: =S15+A17 -> 6 | T17: =((R17-Q17)/Q17)*100 -> 18.592667 | Y17: =IF(T17<T15,(T17-T15),0) -> 0 | AA17: 4 | AB17: 1
C18: 41620 | D18: Миннесота Уайлд @ Анахайм Дакс | E18: Меньше 5.5 | F18: 1.615 | I18: =H18*B18 -> 0 | M18: 1 | O18: =F18*H18*M18 -> 0 | AA18: 4 | AB18: 1
A19: 1 | C19: 41620 | D19: Лос-Анджелес Кингз @ Торонто Мэйпл Лифс | E19: Меньше 5.5 | F19: 1.615 | G19: =F19*F20 -> 3.3592 | I19: =H19*B19 -> 0 | J19: =2000/G19 -> 595.37985 | K19: 1000 | L19: =A19*K19 -> 1000 | M19: 1 | N19: =IF(M19+M20=2,1,0) -> 0 | O19: =F19*H19*M19 -> 0 | P19: =G19*L19*N19 -> 0 | Q19: 30000 | R19: =R17-L19-I19-I20+P19+O19+O20 -> 34577.8 | S19: =S17+A19 -> 7 | T19: =((R19-Q19)/Q19)*100 -> 15.259333 | Y19: =IF(T19<T17,(T19-T17),0) -> -3.3333333 | AA19: 4 | AB19: 1
C20: 41620 | D20: Нью-Йорк Айлендерс @ Финикс Койотс | E20: Меньше 5.5 | F20: 2.08 | I20: =H20*B20 -> 0 | M20: 0 | O20: =F20*H20*M20 -> 0 | AA20: 4 | AB20: 1
A21: 1 | C21: 41620 | D21: Монреаль Канадиенс @ Филадельфия Флайерз | E21: Больше 5.5 | F21: 2.56 | G21: =F21*F22 -> 4.8384 | I21: =H21*B21 -> 0 | J21: =2000/G21 -> 413.35979 | K21: 1000 | L21: =A21*K21 -> 1000 | M21: 0 | N21: =IF(M21+M22=2,1,0) -> 0 | O21: =F21*H21*M21 -> 0 | P21: =G21*L21*N21 -> 0 | Q21: 30000 | R21: =R19-L21-I21-I22+P21+O21+O22 -> 33577.8 | S21: =S19+A21 -> 8 | T21: =((R21-Q21)/Q21)*100 -> 11.926 | Y21: =IF(T21<T19,(T21-T19),0) -> -3.3333333 | AA21: 4 | AB21: 1
C22: 41620 | D22: Торонто Мэйпл Лифс @ Сент-Луис Блюз | E22: Меньше 5.5 | F22: 1.89 | I22: =H22*B22 -> 0 | M22: 0 | O22: =F22*H22*M22 -> 0 | AA22: 4 | AB22: 1
A23: 1 | C23: 41620 | D23: Коламбус Блю Джекетс @ Нью-Йорк Рейнджерс | E23: Меньше 5.5 | F23: 1.6 | G23: =F23*F24 -> 2.88 | I23: =H23*B23 -> 0 | J23: =2000/G23 -> 694.44444 | K23: 1000 | L23: =A23*K23 -> 1000 | M23: 0 | N23: =IF(M23+M24=2,1,0) -> 0 | O23: =F23*H23*M23 -> 0 | P23: =G23*L23*N23 -> 0 | Q23: 30000 | R23: =R21-L23-I23-I24+P23+O23+O24 -> 32577.8 | S23: =S21+A23 -> 9 | T23: =((R23-Q23)/Q23)*100 -> 8.5926667 | Y23: =IF(T23<T21,(T23-T21),0) -> -3.3333333 | AA23: 4 | AB23: 1
C24: 41620 | D24: Даллас Старз @ Нэшвилл Предаторз | E24: Меньше 5.5 | F24: 1.8 | I24: =H24*B24 -> 0 | M24: 1 | O24: =F24*H24*M24 -> 0 | AA24: 4 | AB24: 1
A25: 1 | C25: 41620 | D25: Колорадо Эвеланш @ Виннипег Джетс | E25: Меньше 5.5 | F25: 1.75 | G25: =F25*F26 -> 3.2725 | I25: =H25*B25 -> 0 | J25: =2000/G25 -> 611.15355 | K25: 1000 | L25: =A25*K25 -> 1000 | M25: 0 | N25: =IF(M25+M26=2,1,0) -> 0 | O25: =F25*H25*M25 -> 0 | P25: =G25*L25*N25 -> 0 | Q25: 30000 | R25: =R23-L25-I25-I26+P25+O25+O26 -> 31577.8 | S25: =S23+A25 -> 10 | T25: =((R25-Q25)/Q25)*100 -> 5.2593333 | Y25: =IF(T25<T23,(T25-T23),0) -> -3.3333333 | Z25: -13 | AA25: 4 | AB25: 1
C26: 41620 | D26: Каролина Харрикейнз @ Калгари Флеймз | E26: Меньше 5.5 | F26: 1.87 | I26: =H26*B26 -> 0 | M26: 1 | O26: =F26*H26*M26 -> 0 | AA26: 4 | AB26: 1
A27: 1 | C27: 41621 | D27: Баффало Сейбрз @ Оттава Сенаторз | E27: Меньше 5.5 | F27: 1.71 | G27: =F27*F28 -> 2.7873 | I27: =H27*B27 -> 0 | J27: =2000/G27 -> 717.54027 | K27: 1000 | L27: =A27*K27 -> 1000 | M27: 1 | N27: =IF(M27+M28=2,1,0) -> 1 | O27: =F27*H27*M27 -> 0 | P27: =G27*L27*N27 -> 2787.3 | Q27: 30000 | R27: =R25-L27-I27-I28+P27+O27+O28 -> 33365.1 | S27: =S25+A27 -> 11 | T27: =((R27-Q27)/Q27)*100 -> 11.217 | Y27: =IF(T27<T25,(T27-T25),0) -> 0 | AA27: 8 | AB27: 1
C28: 41621 | D28: Миннесота Уайлд @ Сан-Хосе Шаркс | E28: Меньше 5.5 | F28: 1.63 | I28: =H28*B28 -> 0 | M28: 1 | O28: =F28*H28*M28 -> 0 | AA28: 8 | AB28: 1
A29: 1 | C29: 41621 | D29: Детройт Ред Уингз @ Тампа Бэй Лайтнинг | E29: Меньше 5.5 | F29: 1.75 | G29: =F29*F30 -> 3.99 | I29: =H29*B29 -> 0 | J29: =2000/G29 -> 501.25313 | K29: 100 | L29: =A29*K29 -> 100 | M29: 1 | N29: =IF(M29+M30=2,1,0) -> 1 | O29: =F29*H29*M29 -> 0 | P29: =G29*L29*N29 -> 399 | Q29: 30000 | R29: =R27-L29-I29-I30+P29+O29+O30 -> 33664.1 | S29: =S27+A29 -> 12 | T29: =((R29-Q29)/Q29)*100 -> 12.213667 | Y29: =IF(T29<T27,(T29-T27),0) -> 0 | AA29: 8 | AB29: 1
C30: 41621 | D30: Бостон Брюинз @ Эдмонтон Ойлерз | E30: Больше 5.5 | F30: 2.28 | I30: =H30*B30 -> 0 | M30: 1 | O30: =F30*H30*M30 -> 0 | AA30: 8 | AB30: 1
A31: 1 | C31: 41622 | D31: Нью-Джерси Девилз @ Питтсбург Пингвинз | E31: Меньше 5.5 | F31: 1.63 | G31: =F31*F32 -> 3.0807 | I31: =H31*B31 -> 0 | J31: =2000/G31 -> 649.2031 | K31: 1000 | L31: =A31*K31 -> 1000 | M31: 1 | N31: =IF(M31+M32=2,1,0) -> 1 | O31: =F31*H31*M31 -> 0 | P31: =G31*L31*N31 -> 3080.7 | Q31: 30000 | R31: =R29-L31-I31-I32+P31+O31+O32 -> 35744.8 | S31: =S29+A31 -> 13 | T31: =((R31-Q31)/Q31)*100 -> 19.149333 | Y31: =IF(T31<T29,(T31-T29),0) -> 0 | AA31: 8 | AB31: 1
C32: 41622 | D32: Эдмонтон Ойлерз @ Ванкувер Кэнакс | E32: Меньше 5.5 | F32: 1.89 | I32: =H32*B32 -> 0 | M32: 1 | O32: =F32*H32*M32 -> 0 | AA32: 8 | AB32: 1
A33: 1 | C33: 41622 | D33: Вашингтон Кэпиталз @ Флорида Пантерз | E33: Больше 5.5 | F33: 2.02 | G33: =F33*F34 -> 3.333 | I33: =H33*B33 -> 0 | J33: =2000/G33 -> 600.06001 | K33: 1000 | L33: =A33*K33 -> 1000 | M33: 0 | N33: =IF(M33+M34=2,1,0) -> 0 | O33: =F33*H33*M33 -> 0 | P33: =G33*L33*N33 -> 0 | Q33: 30000 | R33: =R31-L33-I33-I34+P33+O33+O34 -> 34744.8 | S33: =S31+A33 -> 14 | T33: =((R33-Q33)/Q33)*100 -> 15.816 | Y33: =IF(T33<T31,(T33-T31),0) -> -3.3333333 | AA33: 8 | AB33: 1
C34: 41622 | D34: Лос-Анджелес Кингз @ Оттава Сенаторз | E34: Меньше 5.5 | F34: 1.65 | I34: =H34*B34 -> 0 | M34: 0 | O34: =F34*H34*M34 -> 0 | AA34: 8 | AB34: 1
A35: 1 | C35: 41623 | D35: Калгари Флеймз @ Баффало Сейбрз | E35: Меньше 5.5 | F35: 1.72 | G35: =F35*F36 -> 3.4056 | I35: =H35*B35 -> 0 | J35: =2000/G35 -> 587.26803 | K35: 1000 | L35: =A35*K35 -> 1000 | M35: 1 | N35: =IF(M35+M36=2,1,0) -> 0 | O35: =F35*H35*M35 -> 0 | P35: =G35*L35*N35 -> 0 | Q35: 30000 | R35: =R33-L35-I35-I36+P35+O35+O36 -> 33744.8 | S35: =S33+A35 -> 15 | T35: =((R35-Q35)/Q35)*100 -> 12.482667 | Y35: =IF(T35<T33,(T35-T33),0) -> -3.3333333 | Z35: -6 | AA35: 8 | AB35: 1
C36: 41623 | D36: Даллас Старз @ Виннипег Джетс | E36: Меньше 5.5 | F36: 1.98 | I36: =H36*B36 -> 0 | M36: 0 | O36: =F36*H36*M36 -> 0 | AA36: 8 | AB36: 1
A37: 1 | C37: 41623 | D37: Чикаго Блэкхокс @ Торонто Мэйпл Лифс | E37: Больше 5.5 | F37: 1.89 | G37: =F37*F38 -> 3.591 | I37: =H37*B37 -> 0 | J37: =2000/G37 -> 556.94793 | K37: 1000 | L37: =A37*K37 -> 1000 | M37: 1 | N37: =IF(M37+M38=2,1,0) -> 1 | O37: =F37*H37*M37 -> 0 | P37: =G37*L37*N37 -> 3591 | Q37: 30000 | R37: =R35-L37-I37-I38+P37+O37+O38 -> 36335.8 | S37: =S35+A37 -> 16 | T37: =((R37-Q37)/Q37)*100 -> 21.119333 | Y37: =IF(T37<T35,(T37-T35),0) -> 0 | AA37: 8 | AB37: 1
C38: 41623 | D38: Каролина Харрикейнз @ Финикс Койотс | E38: Меньше 5.5 | F38: 1.9 | I38: =H38*B38 -> 0 | M38: 1 | O38: =F38*H38*M38 -> 0 | AA38: 8 | AB38: 1
A39: 1 | C39: 41623 | D39: Монреаль Канадиенс @ Нью-Йорк Айлендерс | E39: Меньше 5.5 | F39: 1.75 | G39: =F39*F40 -> 3.325 | I39: =H39*B39 -> 0 | J39: =2000/G39 -> 601.50376 | K39: 1000 | L39: =A39*K39 -> 1000 | M39: 1 | N39: =IF(M39+M40=2,1,0) -> 1 | O39: =F39*H39*M39 -> 0 | P39: =G39*L39*N39 -> 3325 | Q39: 30000 | R39: =R37-L39-I39-I40+P39+O39+O40 -> 38660.8 | S39: =S37+A39 -> 17 | T39: =((R39-Q39)/Q39)*100 -> 28.869333 | Y39: =IF(T39<T37,(T39-T37),0) -> 0 | AA39: 8 | AB39: 1
C40: 41623 | D40: Сан-Хосе Шаркс @ Нэшвилл Предаторз | E40: Меньше 5.5 | F40: 1.9 | I40: =H40*B40 -> 0 | M40: 1 | O40: =F40*H40*M40 -> 0 | AA40: 8 | AB40: 1
A41: 1 | C41: 41623 | D41: Сент-Луис Блюз @ Коламбус Блю Джекетс | E41: Меньше 5.5 | F41: 1.81 | G41: =F41*F42 -> 2.92315 | I41: =H41*B41 -> 0 | J41: =2000/G41 -> 684.19342 | K41: 1000 | L41: =A41*K41 -> 1000 | M41: 0 | N41: =IF(M41+M42=2,1,0) -> 0 | O41: =F41*H41*M41 -> 0 | P41: =G41*L41*N41 -> 0 | Q41: 30000 | R41: =R39-L41-I41-I42+P41+O41+O42 -> 37660.8 | S41: =S39+A41 -> 18 | T41: =((R41-Q41)/Q41)*100 -> 25.536 | Y41: =IF(T41<T39,(T41-T39),0) -> -3.3333333 | AA41: 8 | AB41: 1
C42: 41623 | D42: Тампа Бэй Лайтнинг @ Нью-Джерси Девилз | E42: Меньше 5.5 | F42: 1.615 | I42: =H42*B42 -> 0 | M42: 1 | O42: =F42*H42*M42 -> 0 | AA42: 8 | AB42: 1
A43: 1 | C43: 41623 | D43: Питтсбург Пингвинз @ Детройт Ред Уингз | E43: Меньше 5.5 | F43: 1.81 | G43: =F43*F44 -> 2.8236 | I43: =H43*B43 -> 0 | J43: =2000/G43 -> 708.31563 | K43: 1000 | L43: =A43*K43 -> 1000 | M43: 1 | N43: =IF(M43+M44=2,1,0) -> 1 | O43: =F43*H43*M43 -> 0 | P43: =G43*L43*N43 -> 2823.6 | Q43: 30000 | R43: =R41-L43-I43-I44+P43+O43+O44 -> 39484.4 | S43: =S41+A43 -> 19 | T43: =((R43-Q43)/Q43)*100 -> 31.614667 | Y43: =IF(T43<T41,(T43-T41),0) -> 0 | AA43: 8 | AB43: 1
C44: 41623 | D44: Миннесота Уайлд @ Колорадо Эвеланш | E44: Меньше 5.5 | F44: 1.56 | I44: =H44*B44 -> 0 | M44: 1 | O44: =F44*H44*M44 -> 0 | AA44: 8 | AB44: 1
A45: 1 | C45: 41624 | D45: Филадельфия Флайерз @ Вашингтон Кэпиталз | E45: Больше 5.5 | F45: 2.24 | G45: =F45*F46 -> 3.808 | I45: =H45*B45 -> 0 | J45: =2000/G45 -> 525.21008 | K45: 1000 | L45: =A45*K45 -> 1000 | M45: 1 | N45: =IF(M45+M46=2,1,0) -> 1 | O45: =F45*H45*M45 -> 0 | P45: =G45*L45*N45 -> 3808 | Q45: 30000 | R45: =R43-L45-I45-I46+P45+O45+O46 -> 42292.4 | S45: =S43+A45 -> 20 | T45: =((R45-Q45)/Q45)*100 -> 40.974667 | Y45: =IF(T45<T43,(T45-T43),0) -> 0 | AA45: -7 | AB45: 0
C46: 41624 | D46: Тампа Бэй Лайтнинг @ Детройт Ред Уингз | E46: Меньше 5.5 | F46: 1.7 | I46: =H46*B46 -> 0 | M46: 1 | O46: =F46*H46*M46 -> 0 | AA46: -7 | AB46: 0
A47: 1 | C47: 41624 | D47: Лос-Анджелес Кингз @ Чикаго Блэкхокс | E47: Больше 5.5 | F47: 2.2 | G47: =F47*F48 -> 4.488 | I47: =H47*B47 -> 0 | J47: =2000/G47 -> 445.6328 | K47: 1000 | L47: =A47*K47 -> 1000 | M47: 0 | N47: =IF(M47+M48=2,1,0) -> 0 | O47: =F47*H47*M47 -> 0 | P47: =G47*L47*N47 -> 0 | Q47: 30000 | R47: =R45-L47-I47-I48+P47+O47+O48 -> 41292.4 | S47: =S45+A47 -> 21 | T47: =((R47-Q47)/Q47)*100 -> 37.641333 | Y47: =IF(T47<T45,(T47-T45),0) -> -3.3333333 | AA47: -7 | AB47: 0
C48: 41624 | D48: Эдмонтон Ойлерз @ Анахайм Дакс | E48: Меньше 5.5 | F48: 2.04 | I48: =H48*B48 -> 0 | M48: 1 | O48: =F48*H48*M48 -> 0 | AA48: -7 | AB48: 0
A49: 1 | C49: 41624 | D49: Флорида Пантерз @ Монреаль Канадиенс | E49: Меньше 5.5 | F49: 1.64 | G49: =F49*F50 -> 2.624 | I49: =H49*B49 -> 0 | J49: =2000/G49 -> 762.19512 | K49: 1000 | L49: =A49*K49 -> 1000 | M49: 1 | N49: =IF(M49+M50=2,1,0) -> 0 | O49: =F49*H49*M49 -> 0 | P49: =G49*L49*N49 -> 0 | Q49: 30000 | R49: =R47-L49-I49-I50+P49+O49+O50 -> 40292.4 | S49: =S47+A49 -> 22 | T49: =((R49-Q49)/Q49)*100 -> 34.308 | Y49: =IF(T49<T47,(T49-T47),0) -> -3.3333333 | AA49: -7 | AB49: 0
C50: 41624 | D50: Калгари Флеймз @ Нью-Йорк Рейнджерс | E50: Меньше 5.5 | F50: 1.6 | I50: =H50*B50 -> 0 | M50: 0 | O50: =F50*H50*M50 -> 0 | AA50: -7 | AB50: 0
A51: 1 | C51: 41625 | D51: Торонто Мэйпл Лифс @ Питтсбург Пингвинз | E51: Больше 5.5 | F51: 2.12 | G51: =F51*F52 -> 3.816 | I51: =H51*B51 -> 0 | J51: =2000/G51 -> 524.10901 | K51: 1000 | L51: =A51*K51 -> 1000 | M51: 0 | N51: =IF(M51+M52=2,1,0) -> 0 | O51: =F51*H51*M51 -> 0 | P51: =G51*L51*N51 -> 0 | Q51: 30000 | R51: =R49-L51-I51-I52+P51+O51+O52 -> 39292.4 | S51: =S49+A51 -> 23 | T51: =((R51-Q51)/Q51)*100 -> 30.974667 | Y51: =IF(T51<T49,(T51-T49),0) -> -3.3333333 | AA51: 5 | AB51: 1
C52: 41625 | D52: Даллас Старз @ Колорадо Эвеланш | E52: Меньше 5.5 | F52: 1.8 | I52: =H52*B52 -> 0 | M52: 0 | O52: =F52*H52*M52 -> 0 | AA52: 5 | AB52: 1
A53: 1 | C53: 41626 | D53: Торонто Мейпл Лифс - Флорида Пантерз | E53: Больше 5.5 | F53: 2.06 | G53: =F53*F54 -> 3.77598 | I53: =H53*B53 -> 0 | J53: =2000/G53 -> 529.66382 | K53: 450 | L53: =A53*K53 -> 450 | M53: 0 | N53: =IF(M53+M54=2,1,0) -> 0 | O53: =F53*H53*M53 -> 0 | P53: =G53*L53*N53 -> 0 | Q53: 30000 | R53: =R51-L53-I53-I54+P53+O53+O54 -> 38842.4 | S53: =S51+A53 -> 24 | T53: =((R53-Q53)/Q53)*100 -> 29.474667 | Y53: =IF(T53<T51,(T53-T51),0) -> -1.5 | AA53: 5 | AB53: 1
C54: 41626 | D54: Сент-Луис Блюз - Сан-Хосе Шаркс | E54: Меньше 5.5 | F54: 1.833 | I54: =H54*B54 -> 0 | M54: 0 | O54: =F54*H54*M54 -> 0 | AA54: 5 | AB54: 1
A55: 1 | C55: 41626 | D55: Торонто Мейпл Лифс - Флорида Пантерз | E55: Больше 5.5 | F55: 2.06 | G55: =F55*F56 -> 4.0788 | I55: =H55*B55 -> 0 | J55: =2000/G55 -> 490.3403 | K55: 450 | L55: =A55*K55 -> 450 | M55: 0 | N55: =IF(M55+M56=2,1,0) -> 0 | O55: =F55*H55*M55 -> 0 | P55: =G55*L55*N55 -> 0 | Q55: 30000 | R55: =R53-L55-I55-I56+P55+O55+O56 -> 38392.4 | S55: =S53+A55 -> 25 | T55: =((R55-Q55)/Q55)*100 -> 27.974667 | Y55: =IF(T55<T53,(T55-T53),0) -> -1.5 | AA55: 5 | AB55: 1
C56: 41626 | D56: Нэшвилл Предаторз - Чикаго Блэкхокс | E56: Больше 5.5 | F56: 1.98 | I56: =H56*B56 -> 0 | M56: 0 | O56: =F56*H56*M56 -> 0 | AA56: 5 | AB56: 1
A57: 1 | C57: 41626 | D57: Сент-Луис Блюз - Сан-Хосе Шаркс | E57: Меньше 5.5 | F57: 1.833 | G57: =F57*F58 -> 3.62934 | I57: =H57*B57 -> 0 | J57: =2000/G57 -> 551.06438 | K57: 450 | L57: =A57*K57 -> 450 | M57: 0 | N57: =IF(M57+M58=2,1,0) -> 0 | O57: =F57*H57*M57 -> 0 | P57: =G57*L57*N57 -> 0 | Q57: 30000 | R57: =R55-L57-I57-I58+P57+O57+O58 -> 37942.4 | S57: =S55+A57 -> 26 | T57: =((R57-Q57)/Q57)*100 -> 26.474667 | Y57: =IF(T57<T55,(T57-T55),0) -> -1.5 | Z57: -15 | AA57: 5 | AB57: 1
C58: 41626 | D58: Нэшвилл Предаторз - Чикаго Блэкхокс | E58: Больше 5.5 | F58: 1.98 | I58: =H58*B58 -> 0 | M58: 0 | O58: =F58*H58*M58 -> 0 | AA58: 5 | AB58: 1
A59: 1 | C59: 41626 | D59: Нью-Йорк Айлендерс -Тампа Бэй Лайтнинг | E59: Меньше 5.5 | F59: 1.833 | G59: =F59*F60 -> 2.7495 | I59: =H59*B59 -> 0 | J59: =2000/G59 -> 727.40498 | K59: 450 | L59: =A59*K59 -> 450 | M59: 1 | N59: =IF(M59+M60=2,1,0) -> 1 | O59: =F59*H59*M59 -> 0 | P59: =G59*L59*N59 -> 1237.275 | Q59: 30000 | R59: =R57-L59-I59-I60+P59+O59+O60 -> 38729.675 | S59: =S57+A59 -> 27 | T59: =((R59-Q59)/Q59)*100 -> 29.098917 | Y59: =IF(T59<T57,(T59-T57),0) -> 0 | AA59: 5 | AB59: 1
C60: 41626 | D60: Миннесота Уайлд - Ванкувер Кэнакс | E60: Меньше 5.5 | F60: 1.5 | I60: =H60*B60 -> 0 | M60: 1 | O60: =F60*H60*M60 -> 0 | AA60: 5 | AB60: 1
A61: 1 | C61: 41626 | D61: Нью-Йорк Айлендерс -Тампа Бэй Лайтнинг | E61: Меньше 5.5 | F61: 1.833 | G61: =F61*F62 -> 3.18942 | I61: =H61*B61 -> 0 | J61: =2000/G61 -> 627.07326 | K61: 450 | L61: =A61*K61 -> 450 | M61: 1 | N61: =IF(M61+M62=2,1,0) -> 1 | O61: =F61*H61*M61 -> 0 | P61: =G61*L61*N61 -> 1435.239 | Q61: 30000 | R61: =R59-L61-I61-I62+P61+O61+O62 -> 39714.914 | S61: =S59+A61 -> 28 | T61: =((R61-Q61)/Q61)*100 -> 32.383047 | Y61: =IF(T61<T59,(T61-T59),0) -> 0 | AA61: 5 | AB61: 1
C62: 41626 | D62: Бостон Брюинз - Калгари Флэймз | E62: Меньше 5.5 | F62: 1.74 | I62: =H62*B62 -> 0 | M62: 1 | O62: =F62*H62*M62 -> 0 | AA62: 5 | AB62: 1
A63: 1 | C63: 41626 | D63: Миннесота Уайлд - Ванкувер Кэнакс | E63: Меньше 5.5 | F63: 1.5 | G63: =F63*F64 -> 2.61 | I63: =H63*B63 -> 0 | J63: =2000/G63 -> 766.28352 | K63: 450 | L63: =A63*K63 -> 450 | M63: 1 | N63: =IF(M63+M64=2,1,0) -> 1 | O63: =F63*H63*M63 -> 0 | P63: =G63*L63*N63 -> 1174.5 | Q63: 30000 | R63: =R61-L63-I63-I64+P63+O63+O64 -> 40439.414 | S63: =S61+A63 -> 29 | T63: =((R63-Q63)/Q63)*100 -> 34.798047 | Y63: =IF(T63<T61,(T63-T61),0) -> 0 | AA63: 5 | AB63: 1
C64: 41626 | D64: Бостон Брюинз - Калгари Флэймз | E64: Меньше 5.5 | F64: 1.74 | I64: =H64*B64 -> 0 | M64: 1 | O64: =F64*H64*M64 -> 0 | AA64: 5 | AB64: 1
A65: 1 | C65: 41626 | D65: Баффало Сейбрз - Виннипег Джетс | E65: Меньше 5.5 | F65: 1.571 | G65: =F65*F66 -> 3.42478 | I65: =H65*B65 -> 0 | J65: =2000/G65 -> 583.97912 | K65: 450 | L65: =A65*K65 -> 450 | M65: 0 | N65: =IF(M65+M66=2,1,0) -> 0 | O65: =F65*H65*M65 -> 0 | P65: =G65*L65*N65 -> 0 | Q65: 30000 | R65: =R63-L65-I65-I66+P65+O65+O66 -> 39989.414 | S65: =S63+A65 -> 30 | T65: =((R65-Q65)/Q65)*100 -> 33.298047 | Y65: =IF(T65<T63,(T65-T63),0) -> -1.5 | AA65: 5 | AB65: 1
C66: 41626 | D66: Филадельфия Флайерз -Вашингтон Кэпиталз | E66: Больше 5.5 | F66: 2.18 | I66: =H66*B66 -> 0 | M66: 1 | O66: =F66*H66*M66 -> 0 | AA66: 5 | AB66: 1
A67: 1 | C67: 41626 | D67: Баффало Сейбрз - Виннипег Джетс | E67: Меньше 5.5 | F67: 1.571 | G67: =F67*F68 -> 2.70212 | I67: =H67*B67 -> 0 | J67: =2000/G67 -> 740.15958 | K67: 450 | L67: =A67*K67 -> 450 | M67: 0 | N67: =IF(M67+M68=2,1,0) -> 0 | O67: =F67*H67*M67 -> 0 | P67: =G67*L67*N67 -> 0 | Q67: 30000 | R67: =R65-L67-I67-I68+P67+O67+O68 -> 39539.414 | S67: =S65+A67 -> 31 | T67: =((R67-Q67)/Q67)*100 -> 31.798047 | Y67: =IF(T67<T65,(T67-T65),0) -> -1.5 | AA67: 5 | AB67: 1
C68: 41626 | D68: Монреаль Канадиенс - Финикс Койотс | E68: Меньше 5.5 | F68: 1.72 | I68: =H68*B68 -> 0 | M68: 1 | O68: =F68*H68*M68 -> 0 | AA68: 5 | AB68: 1
A69: 1 | C69: 41626 | D69: Филадельфия Флайерз -Вашингтон Кэпиталз | E69: Больше 5.5 | F69: 2.18 | G69: =F69*F70 -> 3.7496 | I69: =H69*B69 -> 0 | J69: =2000/G69 -> 533.39023 | K69: 450 | L69: =A69*K69 -> 450 | M69: 1 | N69: =IF(M69+M70=2,1,0) -> 1 | O69: =F69*H69*M69 -> 0 | P69: =G69*L69*N69 -> 1687.32 | Q69: 30000 | R69: =R67-L69-I69-I70+P69+O69+O70 -> 40776.734 | S69: =S67+A69 -> 32 | T69: =((R69-Q69)/Q69)*100 -> 35.922447 | Y69: =IF(T69<T67,(T69-T67),0) -> 0 | AA69: 5 | AB69: 1
C70: 41626 | D70: Монреаль Канадиенс - Финикс Койотс | E70: Меньше 5.5 | F70: 1.72 | I70: =H70*B70 -> 0 | M70: 1 | O70: =F70*H70*M70 -> 0 | AA70: 5 | AB70: 1
A71: 1 | C71: 41626 | D71: Лос-Анджелес Кингз - Эдмонтон Ойлерз | E71: Меньше 5.5 | F71: 1.72 | G71: =F71*F72 -> 3.0616 | I71: =H71*B71 -> 0 | J71: =2000/G71 -> 653.2532 | K71: 450 | L71: =A71*K71 -> 450 | M71: 1 | N71: =IF(M71+M72=2,1,0) -> 0 | O71: =F71*H71*M71 -> 0 | P71: =G71*L71*N71 -> 0 | Q71: 30000 | R71: =R69-L71-I71-I72+P71+O71+O72 -> 40326.734 | S71: =S69+A71 -> 33 | T71: =((R71-Q71)/Q71)*100 -> 34.422447 | Y71: =IF(T71<T69,(T71-T69),0) -> -1.5 | AA71: 5 | AB71: 1
C72: 41626 | D72: Детройт Ред Уингз - Анахайм Дакс | E72: Меньше 5.5 | F72: 1.78 | I72: =H72*B72 -> 0 | M72: 0 | O72: =F72*H72*M72 -> 0 | AA72: 5 | AB72: 1
A73: 1 | C73: 41626 | D73: Лос-Анджелес Кингз - Эдмонтон Ойлерз | E73: Меньше 5.5 | F73: 1.72 | G73: =F73*F74 -> 3.0616 | I73: =H73*B73 -> 0 | J73: =2000/G73 -> 653.2532 | K73: 450 | L73: =A73*K73 -> 450 | M73: 1 | N73: =IF(M73+M74=2,1,0) -> 1 | O73: =F73*H73*M73 -> 0 | P73: =G73*L73*N73 -> 1377.72 | Q73: 30000 | R73: =R71-L73-I73-I74+P73+O73+O74 -> 41254.454 | S73: =S71+A73 -> 34 | T73: =((R73-Q73)/Q73)*100 -> 37.514847 | Y73: =IF(T73<T71,(T73-T71),0) -> 0 | AA73: 5 | AB73: 1
C74: 41626 | D74: Даллас Старз - Колорадо Эвеланш | E74: Меньше 5.5 | F74: 1.78 | I74: =H74*B74 -> 0 | M74: 1 | O74: =F74*H74*M74 -> 0 | AA74: 5 | AB74: 1
A75: 1 | C75: 41626 | D75: Детройт Ред Уингз - Анахайм Дакс | E75: Меньше 5.5 | F75: 1.78 | G75: =F75*F76 -> 3.1684 | I75: =H75*B75 -> 0 | J75: =2000/G75 -> 631.23343 | K75: 450 | L75: =A75*K75 -> 450 | M75: 0 | N75: =IF(M75+M76=2,1,0) -> 0 | O75: =F75*H75*M75 -> 0 | P75: =G75*L75*N75 -> 0 | Q75: 30000 | R75: =R73-L75-I75-I76+P75+O75+O76 -> 40804.454 | S75: =S73+A75 -> 35 | T75: =((R75-Q75)/Q75)*100 -> 36.014847 | Y75: =IF(T75<T73,(T75-T73),0) -> -1.5 | AA75: 5 | AB75: 1
C76: 41626 | D76: Даллас Старз - Колорадо Эвеланш | E76: Меньше 5.5 | F76: 1.78 | I76: =H76*B76 -> 0 | M76: 1 | O76: =F76*H76*M76 -> 0 | AA76: 5 | AB76: 1
A77: 1 | D77: Нью-Джерси Девилз - Оттава Сенаторз | E77: Меньше 5.5 | F77: 1.65 | G77: =F77*F78 -> 2.66475 | I77: =H77*B77 -> 0 | J77: =2000/G77 -> 750.53945 | K77: 500 | L77: =A77*K77 -> 500 | M77: 0 | N77: =IF(M77+M78=2,1,0) -> 0 | O77: =F77*H77*M77 -> 0 | P77: =G77*L77*N77 -> 0 | Q77: 30000 | R77: =R75-L77-I77-I78+P77+O77+O78 -> 40304.454 | S77: =S75+A77 -> 36 | T77: =((R77-Q77)/Q77)*100 -> 34.34818 | Y77: =IF(T77<T75,(T77-T75),0) -> -1.6666667 | AA77: -13 | AB77: 0
D78: Нью-Йорк Рейнджерс - Питтсбург Пингвинз | E78: Меньше 5.5 | F78: 1.615 | I78: =H78*B78 -> 0 | M78: 0 | O78: =F78*H78*M78 -> 0 | AA78: -13 | AB78: 0
A79: 1 | D79: Нью-Джерси Девилз - Оттава Сенаторз | E79: Меньше 5.5 | F79: 1.65 | G79: =F79*F80 -> 4.092 | I79: =H79*B79 -> 0 | J79: =2000/G79 -> 488.75855 | K79: 500 | L79: =A79*K79 -> 500 | M79: 0 | N79: =IF(M79+M80=2,1,0) -> 0 | O79: =F79*H79*M79 -> 0 | P79: =G79*L79*N79 -> 0 | Q79: 30000 | R79: =R77-L79-I79-I80+P79+O79+O80 -> 39804.454 | S79: =S77+A79 -> 37 | T79: =((R79-Q79)/Q79)*100 -> 32.681513 | Y79: =IF(T79<T77,(T79-T77),0) -> -1.6666667 | AA79: -13 | AB79: 0
D80: Филадельфия Флайерз - Колумбус Блю Джекетс | E80: Больше 5.5 | F80: 2.48 | I80: =H80*B80 -> 0 | M80: 1 | O80: =F80*H80*M80 -> 0 | AA80: -13 | AB80: 0
A81: 1 | D81: Нью-Йорк Рейнджерс - Питтсбург Пингвинз | E81: Меньше 5.5 | F81: 1.615 | G81: =F81*F82 -> 4.0052 | I81: =H81*B81 -> 0 | J81: =2000/G81 -> 499.35084 | K81: 500 | L81: =A81*K81 -> 500 | M81: 0 | N81: =IF(M81+M82=2,1,0) -> 0 | O81: =F81*H81*M81 -> 0 | P81: =G81*L81*N81 -> 0 | Q81: 30000 | R81: =R79-L81-I81-I82+P81+O81+O82 -> 39304.454 | S81: =S79+A81 -> 38 | T81: =((R81-Q81)/Q81)*100 -> 31.014847 | Y81: =IF(T81<T79,(T81-T79),0) -> -1.6666667 | AA81: -13 | AB81: 0
D82: Филадельфия Флайерз - Колумбус Блю Джекетс | E82: Больше 5.5 | F82: 2.48 | I82: =H82*B82 -> 0 | M82: 1 | O82: =F82*H82*M82 -> 0 | AA82: -13 | AB82: 0
A83: 1 | D83: Торонто Мейпл Лифс - Финикс Койотс | E83: Меньше 5.5 | F83: 2.08 | G83: =F83*F84 -> 3.4944 | I83: =H83*B83 -> 0 | J83: =2000/G83 -> 572.34432 | K83: 500 | L83: =A83*K83 -> 500 | M83: 1 | N83: =IF(M83+M84=2,1,0) -> 0 | O83: =F83*H83*M83 -> 0 | P83: =G83*L83*N83 -> 0 | Q83: 30000 | R83: =R81-L83-I83-I84+P83+O83+O84 -> 38804.454 | S83: =S81+A83 -> 39 | T83: =((R83-Q83)/Q83)*100 -> 29.34818 | Y83: =IF(T83<T81,(T83-T81),0) -> -1.6666667 | AA83: -13 | AB83: 0
D84: Сент-Луис Блюз - Монреаль Канадиенс | E84: Меньше 5.5 | F84: 1.68 | I84: =H84*B84 -> 0 | M84: 0 | O84: =F84*H84*M84 -> 0 | AA84: -13 | AB84: 0
A85: 1 | D85: Торонто Мейпл Лифс - Финикс Койотс | E85: Меньше 5.5 | F85: 2.08 | G85: =F85*F86 -> 3.3592 | I85: =H85*B85 -> 0 | J85: =2000/G85 -> 595.37985 | K85: 500 | L85: =A85*K85 -> 500 | M85: 1 | N85: =IF(M85+M86=2,1,0) -> 0 | O85: =F85*H85*M85 -> 0 | P85: =G85*L85*N85 -> 0 | Q85: 30000 | R85: =R83-L85-I85-I86+P85+O85+O86 -> 38304.454 | S85: =S83+A85 -> 40 | T85: =((R85-Q85)/Q85)*100 -> 27.681513 | Y85: =IF(T85<T83,(T85-T83),0) -> -1.6666667 | AA85: -13 | AB85: 0
D86: Питтсбург Пингвинз - Миннесота Уайлд | E86: Меньше 5.5 | F86: 1.615 | I86: =H86*B86 -> 0 | M86: 0 | O86: =F86*H86*M86 -> 0 | AA86: -13 | AB86: 0
A87: 1 | D87: Сент-Луис Блюз - Монреаль Канадиенс | E87: Меньше 5.5 | F87: 1.68 | G87: =F87*F88 -> 2.7132 | I87: =H87*B87 -> 0 | J87: =2000/G87 -> 737.13696 | K87: 500 | L87: =A87*K87 -> 500 | M87: 0 | N87: =IF(M87+M88=2,1,0) -> 0 | O87: =F87*H87*M87 -> 0 | P87: =G87*L87*N87 -> 0 | Q87: 30000 | R87: =R85-L87-I87-I88+P87+O87+O88 -> 37804.454 | S87: =S85+A87 -> 41 | T87: =((R87-Q87)/Q87)*100 -> 26.014847 | Y87: =IF(T87<T85,(T87-T85),0) -> -1.6666667 | AA87: -13 | AB87: 0
D88: Питтсбург Пингвинз - Миннесота Уайлд | E88: Меньше 5.5 | F88: 1.615 | I88: =H88*B88 -> 0 | M88: 0 | O88: =F88*H88*M88 -> 0 | AA88: -13 | AB88: 0
A89: 1 | D89: Баффало Сейбрз - Бостон Брюинз | E89: Меньше 5.5 | F89: 1.55 | G89: =F89*F90 -> 2.697 | I89: =H89*B89 -> 0 | J89: =2000/G89 -> 741.5647 | K89: 500 | L89: =A89*K89 -> 500 | M89: 0 | N89: =IF(M89+M90=2,1,0) -> 0 | O89: =F89*H89*M89 -> 0 | P89: =G89*L89*N89 -> 0 | Q89: 30000 | R89: =R87-L89-I89-I90+P89+O89+O90 -> 37304.454 | S89: =S87+A89 -> 42 | T89: =((R89-Q89)/Q89)*100 -> 24.34818 | Y89: =IF(T89<T87,(T89-T87),0) -> -1.6666667 | AA89: -13 | AB89: 0
D90: Тампа Бэй Лайтнинг - Нэшвилл Предаторз | E90: Меньше 5.5 | F90: 1.74 | I90: =H90*B90 -> 0 | M90: 0 | O90: =F90*H90*M90 -> 0 | AA90: -13 | AB90: 0
A91: 1 | D91: Баффало Сейбрз - Бостон Брюинз | E91: Меньше 5.5 | F91: 1.55 | G91: =F91*F92 -> 3.131 | I91: =H91*B91 -> 0 | J91: =2000/G91 -> 638.77355 | K91: 500 | L91: =A91*K91 -> 500 | M91: 0 | N91: =IF(M91+M92=2,1,0) -> 0 | O91: =F91*H91*M91 -> 0 | P91: =G91*L91*N91 -> 0 | Q91: 30000 | R91: =R89-L91-I91-I92+P91+O91+O92 -> 36804.454 | S91: =S89+A91 -> 43 | T91: =((R91-Q91)/Q91)*100 -> 22.681513 | Y91: =IF(T91<T89,(T91-T89),0) -> -1.6666667 | AA91: -13 | AB91: 0
D92: Оттава Сенаторз - Флорида Пантерз | E92: Меньше 5.5 | F92: 2.02 | I92: =H92*B92 -> 0 | M92: 0 | O92: =F92*H92*M92 -> 0 | AA92: -13 | AB92: 0
A93: 1 | D93: Тампа Бэй Лайтнинг - Нэшвилл Предаторз | E93: Меньше 5.5 | F93: 1.74 | G93: =F93*F94 -> 3.5148 | I93: =H93*B93 -> 0 | J93: =2000/G93 -> 569.02242 | K93: 500 | L93: =A93*K93 -> 500 | M93: 0 | N93: =IF(M93+M94=2,1,0) -> 0 | O93: =F93*H93*M93 -> 0 | P93: =G93*L93*N93 -> 0 | Q93: 30000 | R93: =R91-L93-I93-I94+P93+O93+O94 -> 36304.454 | S93: =S91+A93 -> 44 | T93: =((R93-Q93)/Q93)*100 -> 21.014847 | Y93: =IF(T93<T91,(T93-T91),0) -> -1.6666667 | AA93: -13 | AB93: 0
D94: Оттава Сенаторз - Флорида Пантерз | E94: Меньше 5.5 | F94: 2.02 | I94: =H94*B94 -> 0 | M94: 0 | O94: =F94*H94*M94 -> 0 | AA94: -13 | AB94: 0
A95: 1 | D95: Лос-Анджелес Кингз - Сан-Хосе Шаркс | E95: Меньше 5.5 | F95: 1.615 | G95: =F95*F96 -> 3.1008 | I95: =H95*B95 -> 0 | J95: =2000/G95 -> 644.99484 | K95: 500 | L95: =A95*K95 -> 500 | M95: 1 | N95: =IF(M95+M96=2,1,0) -> 0 | O95: =F95*H95*M95 -> 0 | P95: =G95*L95*N95 -> 0 | Q95: 30000 | R95: =R93-L95-I95-I96+P95+O95+O96 -> 35804.454 | S95: =S93+A95 -> 45 | T95: =((R95-Q95)/Q95)*100 -> 19.34818 | Y95: =IF(T95<T93,(T95-T93),0) -> -1.6666667 | Z95: -18 | AA95: -13 | AB95: 0
D96: Колорадо Эвеланш - Эдмонтон Ойлерз | E96: Меньше 5.5 | F96: 1.92 | I96: =H96*B96 -> 0 | M96: 0 | O96: =F96*H96*M96 -> 0 | AA96: -13 | AB96: 0
A97: 1 | D97: Лос-Анджелес Кингз - Сан-Хосе Шаркс | E97: Меньше 5.5 | F97: 1.615 | G97: =F97*F98 -> 3.1008 | I97: =H97*B97 -> 0 | J97: =2000/G97 -> 644.99484 | K97: 500 | L97: =A97*K97 -> 500 | M97: 1 | N97: =IF(M97+M98=2,1,0) -> 1 | O97: =F97*H97*M97 -> 0 | P97: =G97*L97*N97 -> 1550.4 | Q97: 30000 | R97: =R95-L97-I97-I98+P97+O97+O98 -> 36854.854 | S97: =S95+A97 -> 46 | T97: =((R97-Q97)/Q97)*100 -> 22.849513 | Y97: =IF(T97<T95,(T97-T95),0) -> 0 | AA97: -13 | AB97: 0
D98: Детройт Ред Уингз - Калгари Флэймз | E98: Меньше 5.5 | F98: 1.92 | I98: =H98*B98 -> 0 | M98: 1 | O98: =F98*H98*M98 -> 0 | AA98: -13 | AB98: 0
A99: 1 | D99: Колорадо Эвеланш - Эдмонтон Ойлерз | E99: Меньше 5.5 | F99: 1.92 | G99: =F99*F100 -> 3.6864 | I99: =H99*B99 -> 0 | J99: =2000/G99 -> 542.53472 | K99: 500 | L99: =A99*K99 -> 500 | M99: 0 | N99: =IF(M99+M100=2,1,0) -> 0 | O99: =F99*H99*M99 -> 0 | P99: =G99*L99*N99 -> 0 | Q99: 30000 | R99: =R97-L99-I99-I100+P99+O99+O100 -> 36354.854 | S99: =S97+A99 -> 47 | T99: =((R99-Q99)/Q99)*100 -> 21.182847 | Y99: =IF(T99<T97,(T99-T97),0) -> -1.6666667 | AA99: -13 | AB99: 0
D100: Детройт Ред Уингз - Калгари Флэймз | E100: Меньше 5.5 | F100: 1.92 | I100: =H100*B100 -> 0 | M100: 1 | O100: =F100*H100*M100 -> 0 | AA100: -13 | AB100: 0
A101: 1 | D101: Чикаго Блэкхокс - Ванкувер Кэнакс | E101: Меньше 5.5 | F101: 1.92 | G101: =F101*F102 -> 3.1872 | I101: =H101*B101 -> 0 | J101: =2000/G101 -> 627.51004 | K101: 500 | L101: =A101*K101 -> 500 | M101: 1 | N101: =IF(M101+M102=2,1,0) -> 0 | O101: =F101*H101*M101 -> 0 | P101: =G101*L101*N101 -> 0 | Q101: 30000 | R101: =R99-L101-I101-I102+P101+O101+O102 -> 35854.854 | S101: =S99+A101 -> 48 | T101: =((R101-Q101)/Q101)*100 -> 19.51618 | Y101: =IF(T101<T99,(T101-T99),0) -> -1.6666667 | AA101: 1 | AB101: 1
...
